 Dungeon Crawl Stone Soup version 0.22-a0-247-gbddf880757 (webtiles) character file.

1542 Peterchen the Cleaver (level 8, -2/64 HPs)
             Began as a Minotaur Berserker on Feb 25, 2018.
             Was a Priest of Trog.
             Slain by a sky beast (6 damage)
             ... on level 7 of the Dungeon.
             The game lasted 00:10:27 (4411 turns).

Peterchen the Cleaver (Minotaur Berserker)          Turns: 4411, Time: 00:10:28

Health: -2/64      AC:  9    Str: 23    XL:     8   Next: 56%
Magic:  7/7        EV:  8    Int:  4    God:    Trog [***...]
Gold:   305        SH:  3    Dex: 11    Spells: 7/7 levels left

rFire    . . .     SeeInvis .   t - +1 war axe (elec)
rCold    + + .     Gourm    .   f - +0 buckler
rNeg     . . .     Faith    .   j - +0 chain mail
rPois    .         Spirit   .   (helmet restricted)
rElec    .         Reflect  .   z - scarf {rC+ rF+}
rCorr    .         Harm     .   e - +0 pair of gloves
MR       .....                  (no boots)
Stlth    ..........             (no amulet)
HPRegen  0.20/turn              w - ring of ice
MPRegen  0.10/turn              (no ring)

@: berserk cooldown, slowed, very slow
A: retaliatory headbutt, horns 2
a: Berserk, Trog's Hand, Renounce Religion


You were on level 7 of the Dungeon.
You worshipped Trog.
Trog was most pleased with you.
You were very hungry.

You visited 1 branch of the dungeon, and saw 7 of its levels.

You collected 305 gold pieces.

Inventory:

Hand Weapons
 t - a +1 war axe of electrocution (weapon)
Missiles
 H - 8 javelins (quivered)
Armour
 e - a +0 pair of gloves (worn)
 f - a +0 buckler (worn)
 j - a +0 chain mail (worn)
 z - a scarf of resistance (worn)
Jewellery
 w - a ring of ice (left hand)
 A - a cursed -2 ring of strength {unknown}
Wands
 q - a wand of acid (8)
 y - a wand of enslavement (16)
 G - a wand of digging (8)
Scrolls
 a - 2 scrolls of remove curse {unknown}
 h - 3 scrolls of enchant armour
 i - 3 scrolls of identify
 k - 3 scrolls of enchant weapon
 n - 2 scrolls of teleportation
 s - a scroll of random uselessness
 u - 2 scrolls of fog {unknown}
 v - a scroll of magic mapping {unknown}
 x - a scroll of immolation {unknown}
 B - a scroll of brand weapon {unknown}
Potions
 b - 4 potions of cancellation {unknown}
 d - 6 potions of might {unknown}
 g - 2 potions of heal wounds {unknown}
 l - a potion of resistance {unknown}
 m - a potion of mutation {unknown}
 o - 3 potions of curing
 p - 2 potions of flight {unknown}
 r - a potion of ambrosia {unknown}
 C - 2 potions of invisibility {unknown}
 D - a potion of lignification {unknown}
 E - a potion of magic {unknown}
 I - a potion of agility {unknown}
Comestibles
 c - 13 rations
 F - 7 chunks of flesh


   Skills:
 - Level 3.6 Fighting
 * Level 12.9 Axes
 - Level 2.4 Armour
 - Level 2.1 Dodging


You had 7 spell levels left.
You didn't know any spells.

Dungeon Overview and Level Annotations

Branches:
Dungeon (7/15)             Temple (0/1) D:6

Altars:
Ashenzari
Gozag
Kikubaaqudgha
Makhleb
Trog
Vehumet
Xom
Zin

Shops:
D:5 *

Annotations:
D:7 Prince Ribbit


Innate Abilities, Weirdness & Mutations

You reflexively headbutt those who attack you in melee.
You have a pair of horns on your head.


Message History

Prince Ribbit casts a spell.
Prince Ribbit looks slightly unstable.
The sky beast flickers out of sight!
Deactivating autopickup; reactivate with Ctrl-A.
Something hits you but does no damage.
You barely miss something.
Your skin stops crawling.
You feel less resistant to hostile enchantments.
Something hits you.
* * * LOW HITPOINT WARNING * * *
Something shocks you.
* * * LOW HITPOINT WARNING * * *
Prince Ribbit blinks!
Something hits you but does no damage.
You miss something.
Prince Ribbit disappears!
You block something's attack.
You hit something but do no damage. You headbutt something.
Something hits you but does no damage.
You closely miss something. Something hits you but does no damage.
Something hits you.
* * * LOW HITPOINT WARNING * * *
Something shocks you.
You die...

#+# .# #.# .# #.# .# .
#.#####.# .# ).......#
... ..##...## ....
..##...###### .....
..##....)...######......
.>..........'...@{l.....
..####......######......
..# #......# ..... .##
#......# #... ..#
######## ## ..# ..# .##
. .###....


You could see a leopard gecko.

Vanquished Creatures
  Sigmund (D:2)
  A phantom (D:5)
  2 ogres
  2 centaurs
  A bullfrog (D:6)
  A scorpion (D:4)
  4 wights (D:6)
  A howler monkey (D:5)
  A jelly (D:2)
  2 centaur zombies
  A bullfrog zombie (D:7)
  4 crimson imps
  3 orc priests
  3 worker ants
  3 orc wizards
  3 adders
  An adder skeleton (D:4)
  2 worms (D:3)
  4 dart slugs
  3 leopard geckos
  24 orcs
  9 giant cockroaches
  7 goblins
  8 hobgoblins
  5 jackals
  2 quokkas
  9 bats
  2 frilled lizards (D:3)
  A jackal skeleton (D:4)
  2 kobolds
  7 rats
119 creatures vanquished.

Notes
Turn   | Place    | Note
-------+----------+-------------------------------------------
     0 | D:1      | Peterchen the Minotaur Berserker began the quest for the Orb.
     0 | D:1      | Reached XP level 1. HP: 19/19 MP: 0/0
    42 | D:1      | Reached skill level 4 in Axes
    96 | D:1      | Reached XP level 2. HP: 24/26 MP: 1/1
   441 | D:1      | Reached skill level 5 in Axes
   565 | D:1      | Reached XP level 3. HP: 28/31 MP: 2/2
   619 | D:2      | Found a burning altar of Makhleb.
   703 | D:2      | Noticed Sigmund
   725 | D:2      | Killed Sigmund
   725 | D:2      | Reached skill level 7 in Axes
   725 | D:2      | Reached XP level 4. HP: 6/39 MP: 3/3
   725 | D:2      | Reached XP level 5. HP: 6/45 MP: 4/4
  1089 | D:2      | Reached ** piety under Trog
  1745 | D:3      | Reached skill level 8 in Axes
  1956 | D:3      | Found a radiant altar of Vehumet.
  1956 | D:3      | Found a shimmering altar of Xom.
  1967 | D:3      | Reached XP level 6. HP: 40/51 MP: 5/5
  2208 | D:3      | Found a bloodstained altar of Trog.
  2208 | D:3      | Found a faded altar of an unknown god.
  2225 | D:3      | Found a glowing silver altar of Zin.
  2227 | D:3      | Found a faded altar of an unknown god.
  2229 | D:3      | Found an ancient bone altar of Kikubaaqudgha.
  2408 | D:4      | Reached skill level 9 in Axes
  2416 | D:4      | Reached XP level 7. HP: 55/57 MP: 6/6
  2418 | D:4      | Reached *** piety under Trog
  2852 | D:5      | Entered Level 5 of the Dungeon
  2910 | D:5      | Found a shattered altar of Ashenzari.
  2994 | D:5      | Reached skill level 10 in Axes
  3067 | D:5      | Found Gozag's Platinum Reserve.
  3071 | D:5      | Found an opulent altar of Gozag.
  3391 | D:6      | Reached skill level 11 in Axes
  3630 | D:6      | Reached XP level 8. HP: 51/64 MP: 7/7
  3653 | D:6      | Reached skill level 12 in Axes
  3750 | D:6      | Found a staircase to the Ecumenical Temple.
  4375 | D:7      | Noticed Prince Ribbit
  4411 | D:7      | Slain by a sky beast

Vault maps used:
D:1:      dpeg_arrival_rooms_a, hangedman_decor_growths
D:2:      bloody_makhleb, uniq_sigmund
D:3:      chequers_temple_overflow_minitemple, gammafunk_temple_overflow_pools,
          first_ration, nicolae_underground_beach
D:4:      minmay_vboxes
D:5:      nicolae_gozag_zags_fifth_avenue, overflow_temple_1_default
D:6:      minmay_temple_entry_butterflies
D:7:      minmay_cornered_nines, serial_park_tiny_2, st_stairs_10, uniq_pikel,
          uniq_prince_ribbit1

Skill      XL: |  1  2  3  4  5  6  7  8 |
---------------+-------------------------+-----
Axes           | 4 5 7 8 9 11 12 | 12.9
Fighting       | |  3.6
Armour         | |  2.4
Dodging        | |  2.1

Action                   |  1- 3 |  4- 6 |  7- 9 || total
-------------------------+-------+-------+-------++-------
Melee: Hand axe          |    47 |    97 |       ||   144
       Headbutt          |     6 |    22 |    18 ||    46
       War axe           |       |    25 |   148 ||   173
Invok: Berserk           |     1 |       |     2 ||     3
       Trog's Hand       |       |       |     1 ||     1
  Use: Scroll            |       |     4 |       ||     4
       Potion            |       |       |     1 ||     1
  Eat: Chunk             |       |     6 |     7 ||    13
Armor: Animal skin       |    11 |       |       ||    11
       Chain mail        |     5 |    50 |    55 ||   110
Dodge: Dodged            |    30 |    27 |    47 ||   104
Block: Buckler           |       |       |     3 ||     3

Table legend:
 A = Spawn XP
 B = Non-spawn XP
 C = Spawn XP percentage of total XP
 D = Spawn monster count
 E = Non-spawn monster count
 F = Spawn count percentage of total count
 G = Total turns spent on level
                    A         B        C        D         E        F      G
               +---------+---------+-------+---------+---------+-------+---------
         Total |       0 |    2204 |   0.0 |       0 |     119 |   0.0 |  4411
               +---------+---------+-------+---------+---------+-------+---------
           D:1 |       0 |      42 |   0.0 |       0 |      21 |   0.0 |   619
           D:2 |       0 |     284 |   0.0 |       0 |      12 |   0.0 |   946
           D:3 |       0 |     140 |   0.0 |       0 |      30 |   0.0 |   830
           D:4 |       0 |     372 |   0.0 |       0 |      13 |   0.0 |   457
           D:5 |       0 |     297 |   0.0 |       0 |       5 |   0.0 |   481
           D:6 |       0 |     743 |   0.0 |       0 |      27 |   0.0 |   863
           D:7 |       0 |     326 |   0.0 |       0 |      11 |   0.0 |   215
               +---------+---------+-------+---------+---------+-------+---------
